 Dungeon Crawl Stone Soup version 0.30-a0-358-g0d69a1922f (webtiles) character file.

Game seed: 14079497008588104067

28 p00ps00p the Trooper (level 3, -1/33 HPs)
             Began as a Hill Orc Fighter on Nov 10, 2022.
             Slain by a gnoll
             ... wielding a +0 whip
              (3 damage)
             ... on level 2 of the Dungeon.
             The game lasted 00:01:29 (1024 turns).

p00ps00p the Trooper (Hill Orc Fighter)             Turns: 1024, Time: 00:01:30

Health: -1/33      AC:  9    Str: 20    XL:     3   Next: 14%
Magic:  3/3        EV:  9    Int:  8    God:
Gold:   52         SH:  4    Dex: 10    Spells: 2/2 levels left

rFire   . . .      SeeInvis .    a - +0 war axe
rCold   . . .      Faith    .    c - +0 buckler
rNeg    . . .      Spirit   .    b - +0 scale mail
rPois   .          Reflect  .    g - +0 helmet
rElec   .          Harm     .    (no cloak)
rCorr   .          Rampage  .    h - +0 pair of gloves
Will    .....                    (no boots)
Stlth   ..........               (no amulet)
HPRegen 0.25/turn                (no ring)
MPRegen 0.08/turn                (no ring)

@: no status effects
A: no striking features
a: no special abilities


You were on level 2 of the Dungeon.
You visited 1 branch of the dungeon, and saw 2 of its levels.

You collected 52 gold pieces.

Inventory:

Hand Weapons
 a - a +0 war axe (weapon)
Armour
 b - a +0 scale mail (worn)
 c - a +0 buckler (worn)
 g - a +0 helmet (worn)
 h - a +0 pair of gloves (worn)
Jewellery
 f - a ring of magical power
Scrolls
 i - a scroll of immolation {unknown}
 k - a scroll of vulnerability {unknown}
Potions
 d - a potion of might
 e - a potion of heal wounds {unknown}
 j - a potion of haste {unknown}


   Skills:
 + Level 4.1 Fighting
 + Level 3.2 Axes
 + Level 3.6 Armour
 + Level 3.6 Shields


You had 2 spell levels left.
You didn't know any spells.
Your spell library contained the following spells:

 Spells                   Type           Power      Damage    Failure   Level
 Cigotuvi's Dreadful Rot  Necr/Pois/Air  0%         N/A       94%         2
 Dispel Undead            Necr           0%         3d6       100%        4
 Death Channel            Necr           0%         N/A       100%        6


Dungeon Overview and Level Annotations

Branches:
Dungeon (2/15)

Altars:


Message History

The ball python constricts you.
You hit the ball python.
You kill the ball python!
You slash the gnoll! You hit the endoplasm but do no damage.
The endoplasm freezes you.
You are frozen.
The gnoll barely misses you. x2
A gnoll comes into view. It is wielding a +0 spear.
The endoplasm freezes you.
You are frozen.
You see here a ball python corpse.
You hit the gnoll.
The gnoll is almost dead.
You hit the endoplasm. The endoplasm freezes you.
You are frozen.
The gnoll barely misses you. The gnoll closely misses you.
The endoplasm barely misses you. You block the gnoll's attack.
The gnoll barely misses you. The gnoll hits you with a +0 halberd.
You block the endoplasm's attack.
You barely miss the gnoll.
The gnoll is almost dead.
You hit the gnoll. You hit the endoplasm.
You kill the endoplasm!
The gnoll hits you with a +0 whip. You block the gnoll's attack.
You barely miss the gnoll.
The gnoll is almost dead.
You closely miss the gnoll. The gnoll hits you with a +0 whip.
The gnoll hits you with a +0 halberd!
* * * LOW HITPOINT WARNING * * *
The gnoll hits you from afar with a +0 spear.
* * * LOW HITPOINT WARNING * * *
You barely miss the gnoll.
The gnoll is almost dead.
You hit the gnoll but do no damage. You block the gnoll's attack.
The gnoll closely misses you. x3; The gnoll barely misses you.
The gnoll completely misses you.
Unknown command.
You barely miss the gnoll.
The gnoll is almost dead.
You hit the gnoll but do no damage. The gnoll hits you with a +0 whip.
You die...

# ... ..... ##+ #
#.#.# ##...
##.#.#.##....##
#..#.#.##......
#............. #
##.........#.###.
.......†g.......
#......@...!..#
#...##g....#..##
#......g....<..#
.....##.##.#.......#
..... #.##.#.......#
.... #............#
..#. #.##.#........
.. ..##.#.......#
..........##).


You could see 3 gnolls.

Vanquished Creatures
  A dart slug (D:1)
  3 bats
  4 endoplasms
  A giant cockroach (D:1)
  A hobgoblin (D:1)
  5 kobolds
  3 quokkas (D:1)
  3 ball pythons
  2 frilled lizards (D:1)
  A rat (D:1)
24 creatures vanquished.

Notes
Turn   | Place    | Note
-------+----------+-------------------------------------------
     0 | D:1      | p00ps00p the Hill Orc Fighter began the quest for the Orb.
     0 | D:1      | Reached XP level 1. HP: 19/19 MP: 1/1
   146 | D:1      | Reached XP level 2. HP: 21/27 MP: 2/2
   659 | D:1      | Reached skill level 4 in Fighting
  1007 | D:2      | Reached XP level 3. HP: 33/33 MP: 3/3
  1022 | D:2      | HP: 1/33 [gnoll/+0 spear (3)]
  1024 | D:2      | Slain by a gnoll

Illustrated notes

Levels and vault maps discovered:
D:1:      minmay_arrival_split_and_join, layout_basic
D:2:      layout_basic, serial_shops,
          nicolae_shop_temple_entry_statues_fountains,
          hangedman_abyss_or_decor_stabs, kennysheep_cluttered_room, uniq_robin

Skill      XL: |  1  2 |
---------------+-------+-----
Axes           | 3 |  3.2
Fighting       | 4 |  4.1
Armour         | |  3.6
Shields        | |  3.6

Action                   || total
-------------------------++-------
Melee: War axe           ||    69
Armor: Scale mail        ||    40
Dodge: Dodged            ||    42
Block: Buckler           ||    19

Table legend: (Time is in decaauts)
 A = Elapsed time spent in this place.
 B = Non-inter-level travel time spent in this place.
 C = Inter-level travel time spent in this place.
 D = Time resting spent in this place.
 E = Time spent auto-exploring this place.
 F = Levels seen in this place.
 G = Mean time per level.
                   A        B        C        D        E       F      G
               +--------+--------+--------+--------+--------+-----+--------+
         Total |   1050 |   1008 |     42 |      0 |    770 |   2 |  525.0 |
       Dungeon |   1050 |   1008 |     42 |      0 |    770 |   2 |  525.0 |
               +--------+--------+--------+--------+--------+-----+--------+

Top non-repeatable levels by time:
     D:1: 1027 daAuts
     D:2: 22 daAuts
